 Dungeon Crawl Stone Soup version 0.18-a0-1435-gee79d65 (webtiles) character file.

399 gorblad the Skirmisher (level 6, -4/52 HPs)
             Began as a Demigod Fighter on Feb 28, 2016.
             Slain by Grinder (5 damage)
             ... on level 3 of the Dungeon.
             The game lasted 00:05:06 (1986 turns).

gorblad the Skirmisher (Demigod Fighter)            Turns: 1986, Time: 00:05:06

Health: -4/52      AC:  8    Str: 28    XL:     6   Next: 28%
Magic:  8/8        EV:  9    Int: 12    God:
Gold:   106        SH: 10    Dex: 15    Spells: 0 memorised, 5 levels left

rFire  . . .     SeeInvis .     a - +2 war axe
rCold  . . .     Gourm    .     b - +0 scale mail
rNeg   . . .     Faith    .     c - +0 shield
rPois  .         Spirit   .     o - +0 helmet
rElec  .         Dismiss  .     (no cloak)
rCorr  +         Reflect  .     (no gloves)
SustAt +         Harm     .     (no boots)
MR     .....                    (no amulet)
Stlth  ..........               (no ring)
                                i - ring of resist corrosion

@: mighty, very slightly contaminated, hasted, very quick, not resistant to
hostile enchantments, extremely unstealthy
A: high mp 1, sustain attributes
a: no special abilities


You were on level 3 of the Dungeon.
You were not hungry.

You visited 1 branch of the dungeon, and saw 3 of its levels.

You collected 106 gold pieces.

Inventory:

Hand Weapons
 a - a +2 war axe (weapon)
Armour
 b - a +0 scale mail (worn)
 c - a +0 shield (worn)
 o - a +0 helmet (worn)
Jewellery
 i - a ring of resist corrosion (left hand)
Scrolls
 e - 2 scrolls of amnesia
 q - a scroll of identify
 r - a scroll of teleportation {unknown}
 t - 3 scrolls of blinking {unknown}
Potions
 d - 4 potions of might
 g - a potion of haste
 h - a potion of mutation
 j - a potion of brilliance
 m - a potion of lignification {unknown}
 p - a potion of agility
Comestibles
 f - 2 bread rations
 k - 3 chunks of flesh
 l - 2 fruits
 s - a beef jerky


   Skills:
 + Level 3.8 Fighting
 + Level 3.6 Axes
 + Level 3.5 Armour
 + Level 2.3 Dodging
 + Level 3.8 Shields


You had 5 spell levels left.
You didn't know any spells.

Dungeon Overview and Level Annotations

Branches:
Dungeon (3/15)

Annotations:
D:3 Grinder


Innate Abilities, Weirdness & Mutations

You have an increased reservoir of magic (+10% MP).
Your attributes are resistant to harm.


Message History

You writhe in agony.
* * * LOW HITPOINT WARNING * * *
You hit Grinder.
Grinder is heavily wounded.
Grinder hits you.
* * * LOW HITPOINT WARNING * * *
You closely miss Grinder.
Grinder is heavily wounded.
Grinder gestures at you. You resist with some effort.
You closely miss Grinder.
Grinder is heavily wounded.
Grinder hits you!
* * * LOW HITPOINT WARNING * * *
You writhe in agony.
* * * LOW HITPOINT WARNING * * *
You slash Grinder!
Grinder is severely wounded.
Grinder hits you.
You die...

######### #........
#........ ##........
### ###)!..#.# .8
..>.###.5@####.# ..
..........######.# .
..###.#>......##.#
8##..# ######.....#
#...# .######.....#
###.#.####.##.........#
.#).....[...........).#
............#...#####.#
................ #.#


You could see Grinder.

Vanquished Creatures
  Sigmund (D:3)
  A giant frog (D:3)
  An orc priest (D:3)
  Ijyb (D:3)
  Robin (D:2)
  4 adders
  2 worms (D:3)
  2 dart slugs
  3 orcs (D:3)
  5 bats
  14 goblins
  10 hobgoblins
  6 jackals
  7 kobolds
  A quokka (D:2)
  3 giant newts
  A rat (D:2)
63 creatures vanquished.

Notes
Turn   | Place    | Note
--------------------------------------------------------------
     0 | D:1      | gorblad the Demigod Fighter began the quest for the Orb.
     0 | D:1      | Reached XP level 1. HP: 18/18 MP: 3/3
   264 | D:1      | Reached XP level 2. HP: 25/25 MP: 4/4
   923 | D:2      | Noticed Robin
   935 | D:2      | Killed Robin
   935 | D:2      | Reached XP level 3. HP: 19/31 MP: 5/5
  1539 | D:3      | Reached XP level 4. HP: 28/38 MP: 6/6
  1539 | D:3      | Reached skill level 1 in Dodging
  1686 | D:3      | Noticed a giant frog
  1691 | D:3      | Killed a giant frog
  1691 | D:3      | Reached XP level 5. HP: 40/45 MP: 7/7
  1756 | D:3      | Noticed Sigmund
  1764 | D:3      | Killed Sigmund
  1764 | D:3      | Reached XP level 6. HP: 50/52 MP: 8/8
  1807 | D:3      | Noticed Ijyb
  1824 | D:3      | Killed Ijyb
  1959 | D:3      | Noticed Grinder
  1963 | D:3      | Paralysed by Grinder for 5 turns
  1972 | D:3      | Paralysed by Grinder for 3 turns
  1985 | D:3      | HP: 1/52 [Grinder (4)]
  1986 | D:3      | Slain by Grinder

Vault maps used:
D:1:      dpeg_arrival_rooms_c
D:2:      minmay_misc_feat_cross, mrwooster_statue_mirror,
          kennysheep_generic_room_12, uniq_robin
D:3:      minitemple, first_bread, hangedman_decor_growths, corner_web_ring,
          uniq_jessica, uniq_grinder, uniq_iyjb, uniq_sigmund

Skill      XL: |  1  2  3  4  5 |
---------------+----------------+-----
Axes           | 2 3 |  3.6
Shields        | 3 |  3.8
Fighting       | 3 |  3.8
Dodging        | 1 2 |  2.3
Armour         | 3 |  3.5

Action                   |  1- 3 |  4- 6 || total
-------------------------+-------+-------++-------
Melee: War axe           |   107 |    68 ||   175
  Use: Scroll            |    13 |       ||    13
       Potion            |       |     4 ||     4
  Eat: Chunk             |     1 |     3 ||     4
